 Dungeon Crawl Stone Soup version 0.19-a0-994-g3c636f0 (webtiles) character file.

112576 urioxis the Bludgeoner (level 16, -24/152 HPs)
             Began as a Minotaur Berserker on July 17, 2016.
             Was the Champion of Trog.
             Killed from afar by a merfolk aquamancer (56 damage)
             ... with a shard of ice
             ... on level 1 of the Shoals.
             The game lasted 02:06:02 (26518 turns).

urioxis the Bludgeoner (Minotaur Berserker)        Turns: 26518, Time: 02:06:03

Health: -24/152    AC: 27    Str: 29    XL:     16   Next: 12%
Magic:  15/15      EV: 16    Int:  4    God:    Trog [******]
Gold:   2215       SH:  0    Dex: 14    Spells: 0 memorised, 15 levels left

rFire  . . .     SeeInvis +     J - +5 great mace (holy)
rCold  . . .     Gourm    .     y - +0 plate armour
rNeg   . . .     Faith    .     (shield currently unavailable)
rPois  .         Spirit   .     (helmet restricted)
rElec  .         Dismiss  .     F - +2 cloak "Wogoiq" {SInv}
rCorr  .         Reflect  .     j - +0 pair of gloves
SustAt .         Harm     .     x - +0 pair of boots
MR     +....                    (no amulet)
Stlth  ..........               R - +4 ring of protection
                                V - +4 ring of dexterity

@: studying Axes, drained, somewhat resistant to hostile enchantments, extremely
unstealthy
A: retaliatory headbutt, horns 2
a: Berserk, Trog's Hand, Brothers in Arms, Burn Spellbooks, Renounce Religion


You were on level 1 of the Shoals.
You worshipped Trog.
Trog was exalted by your worship.
You were not hungry.

You visited 5 branches of the dungeon, and saw 25 of its levels.

You collected 2615 gold pieces.
You spent 400 gold pieces at shops.

Inventory:

Hand Weapons
 B - a +4 antimagic demon whip
 J - a +5 great mace of holy wrath (weapon)
 O - a +4 antimagic dire flail
Armour
 j - a +0 pair of gloves (worn)
 x - a +0 pair of boots (worn)
 y - a +0 plate armour (worn)
 F - the +2 cloak "Wogoiq" (worn) {SInv}
   (You found it on level 6 of the Dungeon)

   It lets you see invisible.
 K - a +2 cloak of poison resistance
Jewellery
 b - an uncursed amulet of harm
 w - an uncursed ring of poison resistance {unknown}
 R - a +4 ring of protection (right hand)
 V - a +4 ring of dexterity (left hand)
Wands
 h - a wand of slowing (26/48)
 i - a wand of digging (8/24)
 l - a wand of iceblast (5/15)
 u - a wand of iceblast (4/15)
 C - a wand of lightning (5/15)
 H - a wand of random effects (9/48)
 Q - a wand of flame (13/48)
 S - a wand of heal wounds (6/9)
 X - a wand of digging (18/24)
 Y - a wand of flame (18/48)
Scrolls
 e - 10 scrolls of identify
 f - 3 scrolls of enchant armour
 p - a scroll of magic mapping
 r - 10 scrolls of teleportation
 t - 2 scrolls of enchant weapon
 E - 11 scrolls of remove curse
 I - a scroll of fog
 L - a scroll of fear {unknown}
 P - a scroll of brand weapon {unknown}
 W - 5 scrolls of blinking
Potions
 a - a potion of haste
 g - 4 potions of curing
 k - a potion of cancellation
 m - 3 potions of heal wounds
 o - 4 potions of brilliance
 q - 3 potions of ambrosia
 s - 4 potions of might
 z - 3 potions of flight
 G - 3 potions of beneficial mutation
 M - a potion of agility
Books
 U - a manual of Axes
Miscellaneous
 A - a lamp of fire
Comestibles
 c - 14 bread rations
 d - 4 slices of pizza
 n - 11 royal jellies
 v - 11 meat rations
 D - 7 beef jerkies
 N - 25 fruits
 T - 29 chunks of flesh


   Skills:
 + Level 16.3(15.0) Fighting
 + Level 18.8(17.5) Maces & Flails
 + Level 16.0(14.7) Armour
 + Level 15.1(13.9) Dodging


You had 15 spell levels left.
You didn't know any spells.

Dungeon Overview and Level Annotations

Branches:
Dungeon (15/15)            Temple (1/1) D:6            Lair (6/6) D:10
 Shoals (1/4) Lair:2        Snake (0/4) Lair:3        Slime (0/5) Lair:6
    Orc (2/2) D:9             Elf (0/3) Orc:2        Vaults (0/5) D:14
 Depths (0/5) D:15

Altars:
Ashenzari
Cheibriados
Dithmenos
Elyvilon
Fedhas
Gozag
Hepliaklqana
Kikubaaqudgha
Makhleb
Nemelex Xobeh
Okawaru
Pakellas
Qazlal
Ru
Sif Muna
Trog
Uskayaw
Vehumet
Xom
Yredelemnul
Zin
The Shining One
Jiyva

Shops:
D:11 =   D:14 *   Orc:2 (}!%

Portals:
Pandemonium: Orc:2


Innate Abilities, Weirdness & Mutations

You reflexively headbutt those who attack you in melee.
You have a pair of horns on your head.


Message History

You are too injured to fight recklessly!
You are too injured to fight recklessly!
You sock the merfolk!
The merfolk is lightly wounded.
You sock the merfolk! Your headbutt misses the merfolk.
The merfolk is heavily wounded.
The merfolk hits you but does no damage.
You hit the merfolk. You headbutt the merfolk.
The merfolk is heavily wounded.
The merfolk misses you.
You pound the merfolk like an anvil!!!
You kill the merfolk!
Trog accepts your kill.
You hear a splash.
The merfolk aquamancer closely misses you.
You enter the shallow water.
Moving in this stuff is going to be slow.
The merfolk aquamancer casts a spell at you.
The shard of ice hits you!
You die...

≈≈≈≈≈≈≈≈≈≈≈≈≈.## ##...###.≈≈≈≈≈≈.
≈≈≈≈≈≈≈≈≈≈≈≈≈..###........≈≈≈.≈≈≈
≈≈≈≈≈≈≈≈≈≈≈≈≈...................≈
≈≈≈≈≈≈≈≈≈≈≈≈≈≈.....≈≈≈>≈≈.......≈
≈≈≈≈≈≈≈≈≈≈≈≈≈≈≈≈..≈≈≈≈≈≈≈...P≈≈PP
≈≈≈≈≈≈≈≈≈≈≈≈≈≈≈≈≈≈≈≈≈.≈≈≈≈....≈≈≈
≈≈≈≈≈≈≈≈≈≈≈≈≈≈≈≈≈≈≈≈≈≈≈≈≈≈.[.≈≈≈
≈≈≈≈≈≈≈≈≈≈≈≈≈.###≈≈≈≈≈≈≈≈...≈≈≈
≈≈≈≈≈≈≈≈≈≈≈≈.@##m≈≈≈≈..≈....≈≈
≈≈≈≈≈≈≈≈≈≈≈..#..≈≈≈≈≈≈≈....≈≈
≈..≈≈..≈≈≈≈.m..≈≈≈≈≈≈≈P
..≈≈...≈≈≈≈.(÷≈≈≈≈≈≈≈≈
......≈≈[.(.(≈≈.≈≈≈≈≈
###......≈≈≈≈≈≈≈≈≈≈≈
#.......≈≈≈≈≈≈≈≈≈≈
#.....###.≈.≈≈≈≈≈≈ #..≈≈.#
#.≈>≈≈≈≈≈≈


You could see a merfolk aquamancer.

Vanquished Creatures
  Rupert (D:12)
  Kirke (D:15)
  A frost giant (D:15)
  An orc warlord (Orc:2)
  Nessos (Lair:4)
  An ettin (Orc:2)
  A fire dragon (Lair:6)
  A merfolk impaler (Shoals:1)
  Josephine (D:12)
  An ice dragon (Lair:1)
  4 hydras
  2 centaur warriors
  The ghost of Drakanon the Bludgeoner, a novice OgWz of Gozag (D:9)
  3 death knights
  9 death yaks (Lair:5)
  A queen ant (D:8)
  Urug (D:11)
  2 orc high priests (Orc:2)
  2 soul eaters (Orc:2)
  The ghost of Waterpls the Brawler, a journeyman VSEn (D:11)
  3 skeletal warriors
  3 sea snakes (Shoals:1)
  An unseen horror (D:15)
  2 gelid demonspawn (Orc:2)
  A wizard (D:15)
  7 hill giants
  A necromancer (D:14)
  4 harpies (Shoals:1)
  4 orc knights (Orc:2)
  2 wolf spiders (Lair:6)
  A deep elf mage (D:10)
  4 griffons
  10 orc sorcerers (Orc:2)
  3 cyclopes
  5 ugly things (D:14)
  4 fauns (Shoals:1)
  A manticore (Shoals:1)
  15 elephants
  A guardian serpent (Lair:6)
  10 black mambas
  An orange demon (Orc:2)
  2 gargoyles (D:13)
  10 spiny frogs
  A water nymph (Shoals:1)
  2 rime drakes (Lair:6)
  2 kobold demonologists (D:15)
  10 komodo dragons
  2 yaktaurs (D:15)
  An efreet (D:14)
  2 freezing wraiths
  A red devil (Orc:2)
  A queen bee (Lair:3)
  4 merfolk (Shoals:1)
  6 trolls
  4 two-headed ogres
  A polar bear (Lair:6)
  2 tengu conjurers
  4 slime creatures (D:12)
  19 blink frogs
  A meliai zombie (D:14)
  A snapping turtle (Shoals:1)
  A centaur simulacrum (D:15)
  A shadow (D:14)
  8 wraiths
  2 vampires
  10 wyverns
  A hog (D:15)
  6 basilisks
  3 water elementals (Shoals:1)
  Grum (D:11)
  2 neqoxecs (Orc:2)
  38 yaks
  A steam dragon (D:11)
  A hungry ghost (D:8)
  The ghost of Ajdolov the Slasher, an amateur FoFi (D:3)
  13 hippogriffs
  6 wargs
  4 mottled dragons (Lair:6)
  2 insubstantial wisps (D:11)
  19 water moccasins
  15 soldier ants (D:8)
  7 sky beasts
  7 porcupines
  34 orc warriors
  3 swamp drakes
  3 ice beasts
  2 phantoms
  4 wasps
  15 wolves
  2 ogres
  17 centaurs
  2 necrophages
  17 crocodiles
  7 big kobolds
  22 giant frogs
  A wyvern skeleton (D:13)
  8 scorpions
  A water moccasin skeleton (D:8)
  25 killer bees
  An electric eel (Lair:6)
  4 wights (D:11)
  2 howler monkeys (D:9)
  A giant frog zombie (D:6)
  7 crimson imps
  9 hounds
  2 quasits
  3 centaur skeletons
  3 jellies
  3 centaur zombies
  28 orc priests
  Crazy Yiuf (D:7)
  14 orc wizards
  Jessica (D:3)
  Natasha (thrice) (D:2)
  6 giant frog skeletons
  8 iguanas
  Terence (D:2)
  38 worker ants
  A killer bee zombie (D:7)
  20 sheep
  A hound zombie (D:7)
  7 gnolls
  A howler monkey skeleton (D:8)
  16 adders
  33 river rats
  2 shadow imps
  An adder skeleton (D:4)
  4 worms
  The ghost of whoyougonnacall the Skirmisher, a weakling FoMo (D:15)
  A dart slug (D:1)
  3 giant geckos
  82 orcs
  A ball python (D:5)
  13 giant cockroaches
  10 goblins
  2 hobgoblins (D:1)
  7 jackals
  8 kobolds
  5 quokkas
  9 bats
  A giant newt (D:3)
  A quokka skeleton (D:7)
  A quokka zombie (D:5)
  3 rats
876 creatures vanquished.

Vanquished Creatures (collateral kills)
  A fungus (Lair:2)
1 creature vanquished.

Vanquished Creatures (others)
  An orc wizard (D:4)
  2 bushes
  5 fungi
  7 plants
15 creatures vanquished.

Grand Total: 892 creatures vanquished

Notes
Turn   | Place    | Note
-------+----------+-------------------------------------------
     0 | D:1      | urioxis the Minotaur Berserker began the quest for the Orb.
     0 | D:1      | Reached XP level 1. HP: 19/19 MP: 0/0
    79 | D:1      | Reached XP level 2. HP: 21/27 MP: 1/1
   188 | D:1      | Reached skill level 4 in Maces & Flails
   618 | D:2      | Noticed Natasha
   622 | D:2      | Killed Natasha
   622 | D:2      | Reached XP level 3. HP: 33/33 MP: 2/2
   661 | D:2      | Reached ** piety under Trog
   724 | D:2      | Noticed Terence
   729 | D:2      | Killed Terence
   729 | D:2      | Reached XP level 4. HP: 40/40 MP: 3/3
   948 | D:2      | Noticed Natasha
   954 | D:2      | Killed Natasha
   954 | D:2      | Reached skill level 5 in Maces & Flails
   954 | D:2      | Reached XP level 5. HP: 36/47 MP: 4/4
  1083 | D:2      | Noticed Natasha
  1097 | D:2      | Killed Natasha
  1285 | D:3      | Noticed Jessica
  1299 | D:3      | Killed Jessica
  1348 | D:3      | Reached skill level 5 in Fighting
  1692 | D:3      | Noticed Ajdolov's ghost (amateur FoFi)
  1695 | D:3      | Reached XP level 6. HP: 56/56 MP: 5/5
  1699 | D:3      | Killed Ajdolov's ghost
  1699 | D:3      | Reached skill level 6 in Maces & Flails
  2214 | D:4      | Reached XP level 7. HP: 61/61 MP: 6/6
  2238 | D:4      | Found a bloodstained altar of Trog.
  2314 | D:4      | Reached skill level 7 in Maces & Flails
  2499 | D:4      | Reached skill level 5 in Dodging
  2512 | D:4      | Reached skill level 5 in Armour
  2519 | D:4      | Reached *** piety under Trog
  2757 | D:4      | Reached XP level 8. HP: 31/71 MP: 7/7
  3063 | D:4      | Reached skill level 8 in Maces & Flails
  3220 | D:5      | Entered Level 5 of the Dungeon
  3851 | D:6      | Found a staircase to the Ecumenical Temple.
  3893 | Temple   | Entered the Ecumenical Temple
  4246 | D:6      | Got an ichor-stained cloak
  4252 | D:6      | Identified the +2 cloak "Wogoiq" {SInv} (You found it on level 6 of the Dungeon)
  4328 | D:6      | Reached skill level 9 in Maces & Flails
  4763 | D:7      | Found a runed door.
  5231 | D:7      | Noticed Crazy Yiuf
  5235 | D:7      | Killed Crazy Yiuf
  5235 | D:7      | Reached **** piety under Trog
  5309 | D:8      | Reached XP level 9. HP: 79/79 MP: 8/8
  5409 | D:8      | Reached skill level 10 in Maces & Flails
  5767 | D:8      | Noticed a queen ant
  5785 | D:8      | Killed a queen ant
  5785 | D:8      | Reached skill level 11 in Maces & Flails
  5801 | D:8      | Reached XP level 10. HP: 90/90 MP: 9/9
  6407 | D:8      | Reached ***** piety under Trog
  7049 | D:8      | Reached skill level 12 in Maces & Flails
  7238 | D:9      | Found a staircase to the Orcish Mines.
  7624 | D:9      | Noticed Drakanon's ghost (novice OgWz)
  7635 | D:9      | Killed Drakanon's ghost
  7832 | D:9      | Found a deep blue altar of Sif Muna.
  8084 | D:10     | Entered Level 10 of the Dungeon
  8209 | D:10     | Reached XP level 11. HP: 99/99 MP: 10/10
  8212 | D:10     | Received a gift from Trog
  8250 | D:10     | Reached skill level 13 in Maces & Flails
  8256 | D:10     | Reached skill level 10 in Fighting
  8327 | D:10     | Found a staircase to the Lair.
  8485 | D:10     | Noticed a hill giant
  8498 | D:10     | Killed a hill giant
  8647 | D:10     | Noticed a deep elf mage
  8667 | D:10     | Killed a deep elf mage
  8945 | Lair:1   | Entered Level 1 of the Lair of Beasts
  9422 | Lair:1   | Reached skill level 14 in Maces & Flails
  9423 | Lair:1   | Reached skill level 10 in Armour
  9427 | Lair:1   | Reached skill level 10 in Dodging
  9753 | Lair:1   | Noticed an ice dragon
  9825 | Lair:1   | Killed an ice dragon
 10377 | Lair:1   | Gained mutation: You possess an exceptional clarity of mind. [potion of beneficial mutation]
 10750 | Lair:2   | Reached XP level 12. HP: 110/110 MP: 11/11
 11043 | Lair:2   | Found a staircase to the Shoals.
 11590 | Lair:3   | Noticed a seven-headed hydra
 11604 | Lair:3   | Killed a seven-headed hydra
 11646 | Lair:3   | Got a crude golden ring
 11648 | Lair:3   | Lost intelligence.
 11648 | Lair:3   | Identified the ring of Idiriorhy {rCorr +Blink MR+ Int-5 SInv} (You found it on level 3 of the Lair of Beasts)
 11694 | Lair:3   | Found a staircase to the Snake Pit.
 11727 | Lair:3   | Received a gift from Trog
 11769 | Lair:3   | Reached skill level 15 in Maces & Flails
 11871 | Lair:3   | Noticed a five-headed hydra
 11878 | Lair:3   | Killed a five-headed hydra
 11886 | Lair:3   | Reached ****** piety under Trog
 12524 | Lair:4   | Noticed Nessos
 12551 | Lair:4   | Killed Nessos
 13760 | Lair:5   | Received a gift from Trog
 13816 | Lair:5   | Noticed a death yak
 13817 | Lair:5   | Noticed a death yak
 13817 | Lair:5   | Noticed a death yak
 13817 | Lair:5   | Noticed a death yak
 13818 | Lair:5   | Noticed a death yak
 13818 | Lair:5   | Noticed a death yak
 13819 | Lair:5   | Noticed a death yak
 13822 | Lair:5   | Reached XP level 13. HP: 105/118 MP: 4/12
 13871 | Lair:5   | Reached skill level 16 in Maces & Flails
 14865 | Lair:6   | Entered Level 6 of the Lair of Beasts
 14966 | Lair:6   | Received a gift from Trog
 15518 | Lair:6   | Reached XP level 14. HP: 124/130 MP: 4/13
 15618 | Lair:6   | Received a gift from Trog
 16397 | Lair:6   | Reached skill level 17 in Maces & Flails
 16763 | Lair:6   | Found a viscous altar of Jiyva.
 16763 | Lair:6   | Found a staircase to the Slime Pits.
 17099 | Orc:1    | Entered Level 1 of the Orcish Mines
 17835 | Orc:2    | Entered Level 2 of the Orcish Mines
 17864 | Orc:2    | Found Yxueris's Food Shoppe.
 17868 | Orc:2    | Found Roamp's Distillery.
 17904 | Orc:2    | Received a gift from Trog
 18120 | Orc:2    | Gained mutation: Your body sometimes deteriorates upon taking damage. [a neqoxec]
 18130 | Orc:2    | Gained mutation: You are frail. (-10% HP) [a neqoxec]
 18293 | Orc:2    | Bought a meat ration for 70 gold pieces
 18293 | Orc:2    | Bought a meat ration for 70 gold pieces
 18293 | Orc:2    | Bought a bread ration for 70 gold pieces
 18293 | Orc:2    | Bought a bread ration for 70 gold pieces
 18307 | Orc:2    | Bought a potion of curing for 45 gold pieces
 18307 | Orc:2    | Bought a potion of heal wounds for 75 gold pieces
 18657 | Orc:2    | Found a staircase to the Elven Halls.
 19212 | Orc:2    | Noticed an orc warlord
 19225 | Orc:2    | Killed an orc warlord
 19817 | Orc:2    | Paralysed by an orc sorcerer for 5 turns
 19836 | Orc:2    | Received a gift from Trog
 20154 | Orc:2    | Found Cystrion's Antique Weapon Boutique.
 20154 | Orc:2    | Found a one-way gate leading to the halls of Pandemonium.
 20154 | Orc:2    | Found Tudyhan's Gadget Shop.
 20471 | Lair:2   | Lost mutation: Your body sometimes deteriorates upon taking damage. [potion of cure mutation]
 20471 | Lair:2   | Lost mutation: You are frail. (-10% HP) [potion of cure mutation]
 20471 | Lair:2   | Lost mutation: You possess an exceptional clarity of mind. [potion of cure mutation]
 20565 | D:11     | Noticed Urug
 20577 | D:11     | Killed Urug
 20602 | D:11     | Noticed Waterpls's ghost (journeyman VSEn)
 20605 | D:11     | Killed Waterpls's ghost
 20651 | D:11     | Reached skill level 15 in Fighting
 20746 | D:11     | Noticed Grum
 20767 | D:11     | Killed Grum
 20767 | D:11     | Reached XP level 15. HP: 124/141 MP: 14/14
 21014 | D:11     | Found Gaamu's Jewellery Shoppe.
 21478 | D:12     | Found a white marble altar of Elyvilon.
 21621 | D:12     | Noticed Josephine
 21631 | D:12     | Killed Josephine
 21647 | D:12     | Received a gift from Trog
 22097 | D:12     | Noticed Rupert
 22106 | D:12     | Killed Rupert
 22377 | D:13     | Reached skill level 18 in Maces & Flails
 22546 | D:13     | You fall through a shaft!
 22586 | D:14     | Found a basalt altar of Yredelemnul.
 22586 | D:14     | Found Qyla Die's Evil Emporium.
 22665 | D:14     | Reached skill level 15 in Armour
 23551 | D:14     | Found a gate to the Vaults.
 23624 | D:14     | Received a gift from Trog
 23951 | D:15     | Entered Level 15 of the Dungeon
 24274 | D:15     | Found a staircase to the Depths.
 24274 | D:15     | Noticed a frost giant
 24279 | D:15     | Killed a frost giant
 24528 | D:15     | Noticed whoyougonnacall's ghost (weakling FoMo)
 24534 | D:15     | Killed whoyougonnacall's ghost
 24861 | D:15     | Noticed Kirke
 24871 | D:15     | Killed Kirke
 25750 | Shoals:1 | Entered Level 1 of the Shoals
 25802 | Shoals:1 | Received a gift from Trog
 25802 | Shoals:1 | Reached skill level 15 in Dodging
 25957 | Shoals:1 | Reached XP level 16. HP: 53/151 MP: 15/15
 26518 | Shoals:1 | Killed from afar by a merfolk aquamancer

Vault maps used:
D:1:      onia_arrival_pyramid
D:2:      uniq_natasha, uniq_terence
D:3:      uniq_jessica
D:4:      lemuel_coloured_pillars_altar, roderic_serpentine_path,
          kennysheep_generic_room_8
D:5:      first_bread, corexii_shack
D:7:      uniq_crazy_yiuf_cottage
D:8:      blue_anna_alchemist, zaba_anthell
D:9:      erik_orc_1, minmay_misc_feat_enclosed, minmay_misc_feat_nine_boxes,
          led_sif_pool
D:10:     minmay_lair_entry_grove
D:11:     serial_shops, nicolae_shop_statue_plus, hangedman_misty_isle,
          uniq_urug, uniq_grum
D:12:     elyvilon_altar_5, uniq_rupert, uniq_josephine
D:14:     david_vaults_1, dk_noncrumbling_4, nicolae_evil_shop
D:15:     grunt_enter_depths_snipers, serial_park_gazebo, uniq_kirke
Temple:   compressed_dpeg_circular_temple
Lair:1:   dragon1_lemuel, infiniplex_staircase_pool_2
Lair:2:   elwin_shoals_entry_rocks
Lair:3:   dummy_snake_entry, special_room, grunt_forest_small_clearing_treed,
          grunt_megastairs_5
Lair:4:   uniq_nessos
Lair:6:   guppyfry_lair_end_dragon, hangedman_lair_tendril_chambers,
          dpeg_slime_entry_enclosed_altar, nicolae_quartered_pool_medium
Shoals:1: nicolae_shoals_wave_tunnel
Orc:1:    mines5_lemuel
Orc:2:    pf_orc_diabolical, library_closet, abandoned_shop

Skill      XL: |  1  2  3  4  5  6  7  8  9 10 11 12 13 14 15 16 |
---------------+-------------------------------------------------+-----
Maces & Flails | 4 5 6 7 9 11 12 14 15 16 17 18 | 18.8
Fighting       | 4 5 6 7 8 9 11 12 13 15 16 | 16.3
Armour         | 3 4 5 6 7 9 10 11 13 14 15 16 | 16.0
Dodging        | 3 4 5 6 7 9 10 11 12 13 15 | 15.1

Action                   |  1- 3 |  4- 6 |  7- 9 | 10-12 | 13-15 | 16-18 || total
-------------------------+-------+-------+-------+-------+-------+-------++-------
Melee: Mace              |    57 |    92 |   335 |   567 |       |       ||  1051
       Headbutt          |     8 |    20 |    85 |   218 |   293 |    11 ||   635
       Whip              |       |       |       |   178 |       |       ||   178
       Dire flail        |       |       |       |   128 |   378 |       ||   506
       Demon whip        |       |       |       |       |   161 |       ||   161
       Morningstar       |       |       |       |       |   234 |       ||   234
       Great mace        |       |       |       |       |   459 |    41 ||   500
Invok: Berserk           |     2 |     1 |     2 |     5 |    12 |     1 ||    23
  Use: Scroll            |       |     8 |       |    17 |     9 |       ||    34
       Potion            |       |       |       |     3 |     3 |     3 ||     9
  Eat: Chunk             |       |     7 |    13 |    35 |    43 |     2 ||   100
       Fruit             |       |       |       |       |     9 |       ||     9
       Beef jerky        |       |       |       |       |       |     1 ||     1
Armor: Animal skin       |    16 |     4 |       |       |       |       ||    20
       Skin              |       |    15 |       |       |       |       ||    15
       Scale mail        |       |     3 |    69 |       |       |       ||    72
       Chain mail        |       |       |   109 |    69 |       |       ||   178
       Plate armour      |       |       |       |   276 |   530 |    54 ||   860
Dodge: Dodged            |    44 |    57 |   165 |   395 |   776 |    53 ||  1490
